 Dungeon Crawl Stone Soup version 0.26.1-15-g04117e645d (webtiles) character file.

Game seed: 5834707307623544084

14 cheesebisquit the Sneak (level 2, 15/15 HPs)
             Began as a Vine Stalker Brigand on Apr 25, 2021.
             Quit the game on level 2 of the Dungeon on Jan 12, 2023.
             The game lasted 00:06:57 (618 turns).

cheesebisquit the Sneak (Vine Stalker Brigand)       Turns: 618, Time: 00:06:58

Health: 15/15      AC:  3    Str: 13    XL:     2   Next: 45%
Magic:  2/3        EV: 11    Int: 11    God:
Gold:   38         SH:  0    Dex: 15    Spells: 1/1 levels left

rFire    . . .     SeeInvis .   a - +3 dagger
rCold    . . .     Faith    .   (no shield)
rNeg     . . .     Spirit   +   b - +0 robe
rPois    .         Reflect  .   (no helmet)
rElec    .         Harm     .   c - +0 cloak
rCorr    .         Rampage  .   (no gloves)
Will     .....                  (no boots)
Stlth    +++.......             (no amulet)
HPRegen  0.05/turn              (no ring)
MPRegen  0.08/turn              (no ring)

@: no status effects
A: fangs 2, magic shield, antimagic bite, no potion heal 3
a: no special abilities


You were on level 2 of the Dungeon.
You visited 1 branch of the dungeon, and saw 2 of its levels.

You collected 38 gold pieces.

Inventory:

Hand Weapons
 a - a +3 dagger (weapon)
 f - a +0 club
 g - a +0 club
 h - a +0 short sword
 i - a +0 club
 j - a +0 dagger
 m - a +0 club
 p - a +0 rapier
Missiles
 d - 8 poisoned darts (quivered)
 e - 2 curare-tipped darts
Armour
 b - a +0 robe (worn)
 c - a +0 cloak (worn)
 l - a +0 leather armour
Jewellery
 o - an uncursed ring of poison resistance {unknown}
Scrolls
 k - a scroll of remove curse {unknown}
Potions
 n - 2 potions of heal wounds {unknown}


   Skills:
 + Level 2.0 Fighting
 + Level 1.9 Short Blades
 + Level 1.8 Throwing
 + Level 0.8 Dodging
 + Level 5.4 Stealth


You had one spell level left.
You didn't know any spells.
Your spell library was empty.

Dungeon Overview and Level Annotations

Branches:
Dungeon (2/15)

Altars:


Innate Abilities, Weirdness & Mutations

You have extremely sharp teeth.
When hurt, damage is shared between your health and your magic reserves.
Your bite disrupts and absorbs the magic of your enemies.
Potions cannot restore your health.


Message History

Found 19 arrows.
A kobold comes into view. It is wielding a +0 dagger.
The kobold hits you but does no damage.
You barely miss the kobold. Your bite misses the kobold. You hit the kobold.
Your bite misses the kobold.
The kobold is moderately wounded.
The kobold hits you but does no damage.
You hit the kobold.
The kobold is severely wounded.
The kobold hits you with a +0 dagger.
You hit the kobold but do no damage.
The kobold is severely wounded.
The kobold barely misses you.
You hit the kobold.
You kill the kobold!
Things that are here:
a +0 dagger; 3 stones; a kobold corpse Welcome back, cheesebisquit the Vine Stalker Brigand.
Press ? for a list of commands and other information.
Are you sure you want to abandon this character and quit the game? (Confirm with "yes".)

#........# ......
#.#.....<# ###.....
###.###########....#
...................#
....###########....#
##### #....# #....#
#....# #.@..# ######


There were no monsters in sight!

Vanquished Creatures
  A giant cockroach (D:1)
  2 goblins (D:1)
  2 hobgoblins (D:1)
  4 kobolds
  A ball python (D:1)
  2 bats (D:1)
  A frilled lizard (D:1)
  A rat (D:1)
14 creatures vanquished.

Notes
Turn   | Place    | Note
-------+----------+-------------------------------------------
     0 | D:1      | cheesebisquit the Vine Stalker Brigand began the quest for
                  | the Orb.
     0 | D:1      | Reached XP level 1. HP: 11/11 MP: 2/2
    18 | D:1      | Reached skill level 5 in Stealth
   124 | D:1      | Reached XP level 2. HP: 6/15 MP: 3/3
   618 | D:2      | Upgraded the game from 0.26.1-11-gd32895ea62 to
                  | 0.26.1-15-g04117e645d
   618 | D:2      | Quit the game

Illustrated notes

Levels and vault maps discovered:
D:1:      scummos_arrival_hexagon, layout_basic
D:2:      layout_basic, uniq_crazy_yiuf_cottage

Skill      XL: |  1  2 |
---------------+-------+-----
Stealth        | 5 |  5.4
Fighting       | 2 |  2.0
Short Blades   | |  1.9
Throwing       | |  1.8
Dodging        | |  0.8

Action                   || total
-------------------------++-------
Melee: Dagger            ||    35
       Bite              ||     6
  Use: Scroll            ||     1
 Stab: Sleeping          ||     2
Armor: Robe              ||    10
Dodge: Dodged            ||    14
